 Dungeon Crawl Stone Soup version 0.27.1-37-g7b29ead8ac (webtiles) character file.

Game seed: 8745419741138427054

930 BURZUM666 the Skirmisher (level 8, -14/51 HPs)
             Began as a Gargoyle Fighter on June 23, 2023.
             Demolished by an orc warrior (18 damage)
             ... on level 6 of the Dungeon on Sept 19, 2023.
             The game lasted 00:11:08 (4552 turns).

BURZUM666 the Skirmisher (Gargoyle Fighter)         Turns: 4552, Time: 00:11:08

Health: -14/51     AC: 18    Str: 23    XL:     8   Next: 11%
Magic:  8/8        EV:  6    Int:  8    God:
Gold:   89         SH: 10    Dex:  9    Spells: 7/7 levels left

rFire    x . .     SeeInvis .   b - +1 hand axe (vorpal)
rCold    + . .     Faith    .   c - +0 kite shield
rNeg     + . .     Spirit   .   q - +0 chain mail
rPois    ∞         Reflect  .   (no helmet)
rElec    +         Harm     .   r - +0 cloak
rCorr    .         Rampage  .   (no gloves)
Will     .....                  o - +0 pair of boots
Stlth    ..........             (no amulet)
HPRegen  0.17/turn              p - ring of ice
MPRegen  0.11/turn              (no ring)

@: no status effects
A: sickness immunity, AC +5, negative energy resistance 1, electricity
resistance, torment resistance 1, petrification resistance
a: no special abilities


You were on level 6 of the Dungeon.
You visited 1 branch of the dungeon, and saw 6 of its levels.

You collected 376 gold pieces.
You spent 287 gold pieces at shops.

Inventory:

Hand Weapons
 a - a +0 war axe
 b - a +1 vorpal hand axe (weapon)
Missiles
 w - 6 javelins (quivered)
Armour
 c - a +0 kite shield (worn)
 o - a +0 pair of boots (worn)
 q - a +0 chain mail (worn)
 r - a +0 cloak (worn)
Jewellery
 p - a ring of ice (left hand)
Wands
 i - a wand of flame (18)
Scrolls
 e - 2 scrolls of blinking
 f - 3 scrolls of identify {unknown}
 g - a scroll of enchant weapon {unknown}
 h - 3 scrolls of teleportation
 k - a scroll of fear {unknown}
 n - a scroll of amnesia {unknown}
 t - a scroll of acquirement {unknown}
 y - a scroll of magic mapping {unknown}
Potions
 d - 3 potions of might
 j - a potion of curing {unknown}
 l - a potion of berserk rage {unknown}
 m - a potion of brilliance {unknown}
 s - a potion of heal wounds {unknown}
 u - a potion of haste {unknown}
 v - 2 potions of degeneration {unknown}
 x - a potion of resistance {unknown}
 z - a potion of invisibility {unknown}


   Skills:
 * Level 5.8 Fighting
 + Level 4.1 Axes
 - Level 5.5 Armour
 + Level 5.6 Shields
 + Level 2.4 Evocations


You had 7 spell levels left.
You didn't know any spells.
Your spell library contained the following spells:

 Spells                   Type           Power      Damage    Failure   Level
 Slow                     Hex            0%         N/A       100%        2
 Confusing Touch          Hex            0%         N/A       100%        3
 Yara's Violent Unravell  Hex/Tmut       0%         3d3       100%        5


Dungeon Overview and Level Annotations

Branches:
Dungeon (6/15)
 Temple: D:4-7

Altars:
Qazlal

Shops:
D:3 [:   D:5 (!?

Annotations:
D:2 1 runed translucent door, Crazy Yiuf


Innate Abilities, Weirdness & Mutations

You are immune to sickness and miasma.
Your stone body is resilient. (AC +5)
You are immune to poison.
You resist negative energy. (rN+)
You are resistant to electric shocks. (rElec)
You are resistant to unholy torment.
You are immune to petrification.


Message History

You miss something. The orc warrior barely misses you.
You block something's attack.
You closely miss the orc warrior.
The orc warrior is heavily wounded.
You hit something. You block the orc warrior's attack.
You hear some strange, mumbled words.
You are confused.
The orc warrior hits you with a +0 dire flail.
You're too confused to move!
Something hits you but does no damage.
The orc warrior hits you but does no damage.
You hit the orc warrior.
The orc warrior is severely wounded.
You hit something.
Reactivating autopickup.
You feel a bit more experienced. The orc warrior barely misses you.
You bump into the rock wall.
The orc hits you but does no damage. The orc warrior barely misses you.
You're too confused to move!
The orc hits you but does no damage.
The orc warrior hits you with a +0 dire flail!
* * * LOW HITPOINT WARNING * * *
You feel less confused.
Your chain mail prevents you from hitting the orc warrior.
The orc warrior is severely wounded.
You hit the orc warrior.
The orc warrior is almost dead.
The orc warrior hits you with a +0 dire flail.
* * * LOW HITPOINT WARNING * * *
The orc warrior hits you with a +0 dire flail.
* * * LOW HITPOINT WARNING * * *
You barely miss the orc warrior.
The orc warrior is almost dead.
The orc warrior hits you but does no damage.
You hit the orc warrior but do no damage.
The orc warrior is almost dead.
The orc warrior hits you with a +0 dire flail.
* * * LOW HITPOINT WARNING * * *
You closely miss the orc warrior.
The orc warrior is almost dead.
The orc warrior hits you with a +0 dire flail!!
You die...

..##### ###...... .......
#.#...# #.....# .......
#.#<..# #...... .......
#.#...#####.#.#..
.......##.#...##......#..
.......#..............# .
.......###.#####.........
......)###.#####......#.#
#.oo@...?.#########..
#...####......# # ...
#......# . #........
#......... #.........
#......... #........


You could see an orc warrior and an orc.

Vanquished Creatures
  A sky beast (D:5)
  2 black bears (D:5)
  A necrophage (D:4)
  An ogre (D:5)
  A phantom (D:5)
  2 scorpions
  A hound (D:5)
  2 jellies
  A centaur skeleton (D:5)
  An iguana (D:6)
  An orc wizard (D:6)
  A howler monkey zombie (D:3)
  3 adders
  An ufetubus (D:5)
  An adder skeleton (D:4)
  6 dart slugs
  5 orcs
  4 ball pythons
  5 endoplasms
  4 giant cockroaches
  4 goblins
  5 hobgoblins
  2 quokkas (D:2)
  5 bats
  A frilled lizard (D:1)
  3 kobolds
  A quokka skeleton (D:4)
  6 rats
71 creatures vanquished.

Notes
Turn   | Place    | Note
-------+----------+-------------------------------------------
     0 | D:1      | BURZUM666 the Gargoyle Fighter began the quest for the Orb.
     0 | D:1      | Reached XP level 1. HP: 14/14 MP: 1/1
   155 | D:1      | Found a faded altar of an unknown god.
   353 | D:1      | Reached XP level 2. HP: 19/19 MP: 2/2
   762 | D:1      | Reached XP level 3. HP: 23/23 MP: 3/3
  1442 | D:2      | Found a runed translucent door.
  1443 | D:2      | Noticed Crazy Yiuf
  1821 | D:3      | Reached XP level 4. HP: 17/29 MP: 4/4
  1980 | D:3      | Found Geir's Book Emporium.
  2023 | D:3      | Found a stormy altar of Qazlal.
  2251 | D:3      | Found Axzoud's Antique Armour Shop.
  2550 | D:4      | Noticed a necrophage
  2563 | D:4      | Killed a necrophage
  2564 | D:4      | Reached XP level 5. HP: 19/34 MP: 5/5
  2595 | D:4      | Reached XP level 6. HP: 24/39 MP: 6/6
  3118 | D:5      | Entered Level 5 of the Dungeon
  3130 | D:5      | Noticed a black bear
  3146 | D:5      | Killed a black bear
  3298 | D:5      | Noticed a black bear
  3314 | D:5      | Killed a black bear
  3315 | D:5      | Reached skill level 5 in Armour
  3315 | D:5      | Reached skill level 5 in Shields
  3315 | D:5      | Reached skill level 1 in Evocations
  3315 | D:5      | Reached XP level 7. HP: 36/44 MP: 7/7
  3392 | D:5      | Reached skill level 5 in Fighting
  3837 | D:5      | Found Fosetz's Magic Scroll Shoppe.
  3858 | D:5      | Bought a scroll of blinking for 90 gold pieces
  3858 | D:5      | Bought a scroll of teleportation for 36 gold pieces
  3904 | D:5      | Found Udamin's Distillery.
  4059 | D:5      | Found Jeige's Weapon Shoppe.
  4076 | D:5      | Bought a +1 vorpal hand axe for 161 gold pieces
  4105 | D:5      | Reached XP level 8. HP: 50/50 MP: 8/8
  4552 | D:6      | Demolished by an orc warrior

Illustrated notes

Levels and vault maps discovered:
D:1:      psy_arrival_heroes, layout_loops_ring,
          shapermc_ecumenical_altar_acropolis, grunt_decor_fettered,
          minmay_nonomino_d4
D:2:      layout_basic, uniq_crazy_yiuf_cottage
D:3:      layout_basic, mainiacjoe_overflow_tiny_flanked, serial_shops,
          nicolae_shop_stone, nicolae_shop_overgrown_old_shop
D:4:      layout_rooms, grunt_decor_resistance
D:5:      layout_cave_pods, serial_shops, shop, shop_coins, shop
D:6:      layout_basic, mainiacjoe_overflow_24_doors,
          minmay_temple_entry_butterflies, enter_ossuary_2,
          nicolae_shop_overcharged_wands

Skill      XL: |  1  2  3  4  5  6  7 |
---------------+----------------------+-----
Axes           | 2 3 4 |  4.1
Shields        | 4 5 |  5.6
Armour         | 4 5 |  5.5
Fighting       | 4 5 |  5.8
Evocations     | 1 2 |  2.4

Action                   |  1- 3 |  4- 6 |  7- 9 || total
-------------------------+-------+-------+-------++-------
Melee: War axe           |   114 |   103 |    53 ||   270
       Hand axe          |       |       |    46 ||    46
Armor: Scale mail        |    73 |    47 |       ||   120
       Chain mail        |       |    37 |    81 ||   118
Dodge: Dodged            |    47 |    40 |    26 ||   113
Block: Kite shield       |    70 |    74 |    62 ||   206
